 Dungeon Crawl Stone Soup version 0.20.1-1-g8b1a95d (webtiles) character file.

135951 vatarom the Severer (level 16, -5/228 HPs)
             Began as a Deep Dwarf Fighter on Sept 30, 2017.
             Was an Elder of Makhleb.
             Slain by Somber's ghost (28 damage)
             ... on level 3 of the Spider Nest.
             The game lasted 01:03:02 (22939 turns).

vatarom the Severer (Deep Dwarf Fighter)           Turns: 22939, Time: 01:03:02

Health: -5/228     AC: 32    Str: 24    XL:     16   Next: 65%
Magic:  8/8        EV:  2    Int: 10    God:    Makhleb [****..]
Gold:   2045       SH:  0    Dex: 14    Spells: 13/15 levels left

rFire    . . .     SeeInvis .   Y - +4 battleaxe (elec)
rCold    . . .     Gourm    .   (shield currently unavailable)
rNeg     + + +     Faith    .   (armour currently unavailable)
rPois    +         Spirit   .   (helmet currently unavailable)
rElec    .         Reflect  .   (cloak currently unavailable)
rCorr    +         Harm     .   (gloves currently unavailable)
MR       ++...     NoTele   +   (boots currently unavailable)
Stlth    +.........             L - amulet of magic regeneration
Regen    0.0/turn               e - +4 ring of protection
MPRegen  0.2/turn               m - ring of resist corrosion

@: lethally poisoned (-5 -> -26), tree-form, held, non-regenerating
A: damage resistance, heal wounds, repulsion field 1, negative energy resistance
1, sense surroundings 3, no regeneration
a: Heal Wounds, Minor Destruction, Lesser Servant of Makhleb, Major Destruction,
Renounce Religion


You were on level 3 of the Spider Nest.
You worshipped Makhleb.
Makhleb was greatly pleased with you.
You were full.
You were a tree.
You visited 5 branches of the dungeon, and saw 27 of its levels.
You also visited: Sewer, Ossuary and Ice Cave.

You collected 2602 gold pieces.
You spent 557 gold pieces at shops.

Inventory:

Hand Weapons
 X - a +0 blowgun
 Y - a +4 battleaxe of electrocution (weapon)
Missiles
 B - 4 throwing nets (quivered)
Armour
 p - a +2 pair of boots of running
 y - a +2 pair of boots of flying (melded)
 E - a +2 pair of gloves (melded)
 H - a +1 ring mail of poison resistance (melded)
 I - a +1 hat of see invisible (melded)
Jewellery
 c - an uncursed ring of protection from magic
 e - a +4 ring of protection (left branch)
 m - a ring of resist corrosion (right branch)
 L - an amulet of magic regeneration (around neck)
Wands
 b - a wand of paralysis (15/24)
 i - a wand of scattershot (6/9)
 x - a wand of random effects (40/48)
 C - a wand of iceblast (7/15)
 D - a wand of acid (3/15)
 J - a wand of scattershot (3/9)
 K - a wand of random effects (14/48)
 N - a wand of paralysis (12/24)
 P - a wand of digging (8/24)
 R - a wand of flame (30/48)
 U - a wand of flame (26/48)
 W - a wand of acid (0/15)
Scrolls
 a - 2 scrolls of enchant armour
 n - 14 scrolls of remove curse
 o - 2 scrolls of teleportation
 q - 4 scrolls of fear
 r - 6 scrolls of recharging
 u - 3 scrolls of fog
 w - a scroll of magic mapping
 A - 3 scrolls of blinking
 Q - 2 scrolls of vulnerability
 S - 2 scrolls of amnesia
 V - 2 scrolls of holy word
Potions
 d - 3 potions of might
 j - 5 potions of ambrosia
 k - a potion of curing
 s - 4 potions of flight
 t - 2 potions of haste
 v - 2 potions of lignification
 z - a potion of invisibility
 G - a potion of agility
 M - 2 potions of degeneration
 T - 2 potions of magic
 Z - a potion of brilliance
Books
 O - a book of Clouds

   Spells                             Type                      Level
   a - Poisonous Vapours              Poison/Air                   2
   b - Mephitic Cloud                 Conjuration/Poison/Air       3
   c - Conjure Flame                  Conjuration/Fire             3
   d - Freezing Cloud                 Conjuration/Ice/Air          6
   e - Ring of Flames                 Charms/Fire                  7
Miscellaneous
 F - a lamp of fire (inert)
Comestibles
 f - 5 bread rations
 g - 17 royal jellies
 h - 21 fruits
 l - 14 meat rations


   Skills:
 + Level 11.7 Fighting
 * Level 17.9 Axes
 * Level 8.0 Throwing
 + Level 13.1 Armour
 - Level 6.8 Dodging
   Level 5.2 Shields
 + Level 17.9 Invocations
 - Level 5.4 Evocations


You had 13 spell levels left.
You knew the following spells:

 Your Spells              Type           Power        Failure   Level  Hunger
a - Blink                 Tloc           N/A          50%         2    ###....


Dungeon Overview and Level Annotations

Branches:
Dungeon (15/15)            Temple (1/1) D:6            Lair (6/6) D:10
  Swamp (0/4) Lair:4       Spider (3/4) Lair:4        Slime (0/5) Lair:6
    Orc (2/2) D:12            Elf (0/3) Orc:2        Vaults (0/5) D:13
 Depths (0/5) D:15

Altars:
Ashenzari
Cheibriados
Dithmenos
Elyvilon
Fedhas
Gozag
Hepliaklqana
Kikubaaqudgha
Makhleb
Nemelex Xobeh
Okawaru
Qazlal
Ru
Sif Muna
Trog
Uskayaw
Vehumet
Xom
Yredelemnul
Zin
The Shining One
Beogh

Shops:
D:12 [   D:15 (*   Orc:2 ([*=

Portals:
Trove: D:11 (give 5 potions of resistance)

Annotations:
D:7 2 runed doors
D:9 cools stiff, exclusion: obsidian statue
Lair:3 exclusion: 4 oklob plants
Spider:3 Somber's ghost, adept DrBe


Innate Abilities, Weirdness & Mutations

You are resistant to damage.
You can heal yourself by infusing magical energy.
You resist negative energy. (rN+)
You passively map a large area around you.
You do not regenerate.
((You have a beak for a mouth.))
You are surrounded by a mild repulsion field. (EV +2)


Message History

The redback is severely wounded.
You closely miss Somber's ghost. You slash the jumping spider!
You hit the cacodemon. You closely miss the redback.
You feel very sick. The jumping spider pounces on you.
You are caught in a web!
The jumping spider bites you but does no damage.
The redback bites you.
* * * LOW HITPOINT WARNING * * *
Somber's ghost hits you!!
* * * LOW HITPOINT WARNING * * *
The cacodemon hits you. x2
The redback bites you but does no damage.
The jumping spider leaps!
A redback comes into view.
You struggle to detach yourself from the web.
* * * LOW HITPOINT WARNING * * *
You feel very sick.
The redback bites you but does no damage.
The redback completely misses you. Somber's ghost hits you!!
You die...

###
..#.....#....!##^..#.... *
, ,.....#........#.......
,,, ,
*...............#..... *
,, #..........#.......#.
*, , ,..,
...#.#..#..#.#...... ,
...##....s...#.#........ *
,,..........#.............
, ,*
.....^ss†.§#............
,,
,.?...#♣W.#............. ,
, , #..2§..§....#.#......
, #...†............#.#. ,
.^....#................ ,
,,,
..............#..#.#....
,, ,
..^#........s...#^...... ,
, .s........##.#...#....#.
,, ,
.#...#..#..##..........# ,
,.......... ####........


You could see a cacodemon, an orb spider, a jumping spider, 3 redbacks and
Somber's ghost.

Vanquished Creatures
  An Ice Fiend (IceCv)
  Louise (Spider:2)
  An emperor scorpion (Spider:1)
  3 orc warlords
  3 entropy weavers
  Azrael (Orc:2)
  The ghost of bmj180 the Blocker, a journeyman MiFi of Okawaru (D:12)
  An ettin (Orc:1)
  The ghost of tmwrnj the Cleaver, a journeyman HOFi of Beogh (IceCv)
  6 hydras
  Harold (Lair:1)
  A vault guard (D:13)
  2 ogre magi
  A centaur warrior (D:15)
  A catoblepas (Lair:4)
  A death knight (D:14)
  7 death yaks
  A vampire mage (D:15)
  4 two-headed ogres
  A queen ant (Lair:4)
  An orc high priest (Orc:2)
  A titan zombie (D:15)
  Nergalle (D:10)
  13 spriggans (Lair:6)
  A skeletal warrior (D:14)
  An unseen horror (D:15)
  A lindwurm (Lair:5)
  A wizard (D:13)
  A phantasmal warrior (D:14)
  3 necromancers
  7 orb spiders
  5 orc sorcerers
  2 orc knights (Orc:2)
  10 ugly things (D:14)
  13 wolf spiders
  A frost giant zombie (D:15)
  2 moths of wrath
  A manticore (D:14)
  3 cyclopes (D:15)
  An ice statue (IceCv)
  6 black mambas
  4 gargoyles
  8 spiny frogs
  2 kobold demonologists (D:14)
  4 freezing wraiths
  2 rime drakes (Lair:4)
  A redback zombie (D:14)
  7 komodo dragons
  2 yaktaurs (D:15)
  9 demonic crawlers
  A golden dragon simulacrum (IceCv)
  4 anaconda simulacra (IceCv)
  2 ice devils (IceCv)
  23 jumping spiders
  5 hornets
  4 polar bears
  A wolf spider simulacrum (IceCv)
  Grinder (D:5)
  10 trolls
  A tyrant leech (Lair:4)
  6 dream sheep
  4 hippogriffs
  6 blink frogs
  5 slime creatures
  2 shadows
  5 wraiths
  A vampire (D:9)
  42 redbacks
  A wyvern (D:14)
  38 yaks
  15 tarantellas
  2 basilisks (Lair:4)
  4 hogs (D:7)
  2 dire elephant simulacra (IceCv)
  A vampire mosquito (D:15)
  3 fire elementals (Orc:2)
  The ghost of Feta the Shield-Bearer, an amateur FoFi (D:3)
  2 hungry ghosts
  Edmund (D:6)
  21 humans
  2 harpy simulacra (IceCv)
  25 soldier ants (Lair:4)
  5 water moccasins
  An iron troll simulacrum (IceCv)
  A warg (Orc:1)
  3 hydra simulacra (IceCv)
  2 hell hounds (Orc:2)
  8 porcupines
  Purgy (Sewer)
  A hornet zombie (D:15)
  36 orc warriors
  An ice beast (D:11)
  7 black bears
  3 sky beasts
  14 ogres
  2 ettin simulacra (IceCv)
  An alligator simulacrum (IceCv)
  55 wolves
  An eye of draining (D:14)
  3 phantoms
  5 boggarts (Lair:6)
  21 centaurs
  7 crocodiles
  Blork the orc (D:5)
  10 bullfrogs
  2 big kobolds
  3 elf zombies (Ossuary)
  2 gnoll sergeants
  3 scorpions
  13 wights
  5 killer bees (D:7)
  6 electric eels
  A howler monkey (D:6)
  8 centaur zombies
  5 crimson imps
  2 quasits
  2 draconian simulacra (IceCv)
  3 human zombies (Ossuary)
  8 jellies
  18 orc priests
  2 bullfrog skeletons
  7 hounds
  21 orc wizards
  7 centaur skeletons
  3 iguanas
  25 worker ants
  2 spriggan simulacra (IceCv)
  2 troll simulacra (IceCv)
  A centaur simulacrum (IceCv)
  A hound zombie (D:11)
  2 hound skeletons
  3 mummies (Ossuary)
  22 adders
  9 gnolls
  2 naga simulacra (IceCv)
  2 river rats (D:3)
  4 shadow imps
  5 white imps (IceCv)
  5 ufetubi (IceCv)
  An adder skeleton (D:7)
  2 worms
  A dart slug (D:3)
  5 leopard geckos
  65 orcs
  10 giant cockroaches
  7 goblins
  3 hobgoblins
  7 jackals
  6 quokkas
  6 ball pythons
  6 bats
  7 frilled lizards
  9 kobolds
  A leopard gecko skeleton (D:5)
  2 quokka skeletons (D:7)
  A quokka zombie (D:5)
  11 rats
  4 fungi
  3 plants
  3 withered plants (D:15)
949 creatures vanquished.

Vanquished Creatures (collateral kills)
  Gastronok (Lair:1)
  Josephine (Lair:5)
  3 hydras
  2 death yaks (Lair:6)
  A two-headed ogre (D:10)
  2 orc high priests (Orc:2)
  A skeletal warrior (D:15)
  An unseen horror (D:15)
  An orc knight (Orc:2)
  An orc sorcerer (Orc:2)
  A stone giant zombie (D:15)
  A spiny frog (Lair:1)
  A freezing wraith (IceCv)
  A guardian mummy (D:15)
  An anaconda simulacrum (IceCv)
  A yaktaur (D:15)
  3 ice devils (IceCv)
  A golden dragon simulacrum (IceCv)
  2 jumping spiders
  A hippogriff (Lair:5)
  2 redbacks (Spider:3)
  3 tarantellas
  3 wraiths (Lair:5)
  3 yaks (Lair:1)
  A fire elemental (Orc:2)
  A vampire mosquito (D:15)
  A death yak simulacrum (IceCv)
  A warg (Orc:1)
  An iron troll simulacrum (IceCv)
  A hydra simulacrum (IceCv)
  A hell hound (Orc:2)
  A porcupine (Lair:3)
  3 orc warriors
  2 wolves (Lair:2)
  A bullfrog (D:10)
  A tengu zombie (D:15)
  2 draconian simulacra (IceCv)
  An orc wizard (Orc:2)
  3 troll simulacra (IceCv)
  2 ufetubi (IceCv)
  2 orcs (Orc:2)
  A bush (Lair:3)
  A fungus (Lair:1)
  A withered plant (D:15)
66 creatures vanquished.

Vanquished Creatures (others)
  A demonic crawler (Spider:1)
  A troll (Orc:1)
  An ogre (Orc:1)
  A quokka (D:14)
  4 fungi
  3 plants
11 creatures vanquished.

Grand Total: 1026 creatures vanquished

Notes
Turn   | Place    | Note
-------+----------+-------------------------------------------
     0 | D:1      | vatarom the Deep Dwarf Fighter began the quest for the Orb.
     0 | D:1      | Reached XP level 1. HP: 20/20 MP: 1/1
   254 | D:1      | Reached skill level 1 in Dodging
   300 | D:1      | Reached XP level 2. HP: 27/27 MP: 2/2
   606 | D:1      | Identified a +0 pair of boots of running (You found it on level 1 of the Dungeon)
   757 | D:2      | Reached XP level 3. HP: 23/34 MP: 3/3
   841 | D:2      | Found a sparkling altar of Nemelex Xobeh.
  1091 | D:2      | Reached XP level 4. HP: 42/42 MP: 4/4
  1254 | D:3      | Found a glowing drain.
  1294 | Sewer    | Entered a sewer
  1313 | Sewer    | Reached XP level 5. HP: 43/49 MP: 5/5
  1348 | Sewer    | Noticed Purgy
  1366 | Sewer    | Killed Purgy
  1825 | D:3      | Noticed Feta's ghost (amateur FoFi)
  1854 | D:3      | Killed Feta's ghost
  1854 | D:3      | Reached XP level 6. HP: 29/57 MP: 6/6
  2256 | D:4      | Reached skill level 5 in Dodging
  2256 | D:4      | Reached XP level 7. HP: 34/66 MP: 7/7
  2652 | D:4      | Found a bloodstained altar of Trog.
  2726 | D:5      | Entered Level 5 of the Dungeon
  2734 | D:5      | Noticed Grinder
  2752 | D:5      | Killed Grinder
  2752 | D:5      | Reached skill level 5 in Axes
  2873 | D:5      | Noticed Blork the orc
  2884 | D:5      | Killed Blork the orc
  3085 | D:5      | Reached skill level 5 in Fighting
  3085 | D:5      | Reached XP level 8. HP: 50/74 MP: 8/8
  3259 | D:5      | Reached skill level 1 in Evocations
  3584 | D:6      | Found a staircase to the Ecumenical Temple.
  3630 | Temple   | Entered the Ecumenical Temple
  3721 | Temple   | Became a worshipper of Makhleb the Destroyer
  3827 | D:6      | Noticed Edmund
  3835 | D:6      | Found a sand-covered staircase.
  3840 | Ossuary  | Entered an ossuary
  3965 | Ossuary  | Reached skill level 1 in Invocations
  3976 | Ossuary  | Gained mutation: You passively map the area around you. [Deep Dwarf growth]
  3976 | Ossuary  | Reached XP level 9. HP: 49/82 MP: 10/10
  4011 | D:6      | Killed Edmund
  4065 | D:6      | Gained mutation: You passively map a large area around you. [potion of mutation]
  4065 | D:6      | Gained mutation: You have a beak for a mouth. [potion of mutation]
  4065 | D:6      | Gained mutation: You are surrounded by a mild repulsion field. (EV +2) [potion of mutation]
  4125 | D:6      | Found a white marble altar of Elyvilon.
  4386 | D:7      | Found a large runed door.
  4387 | D:7      | Reached * piety under Makhleb
  4388 | D:7      | Found a large runed door.
  4394 | D:7      | Reached skill level 5 in Shields
  4428 | D:7      | Reached skill level 5 in Armour
  4476 | D:7      | Found a glowing golden altar of the Shining One.
  4629 | D:7      | Found an iron altar of Okawaru.
  4784 | D:7      | Found a large runed door.
  4784 | D:7      | Found a large runed door.
  4931 | D:7      | Got a warped bone amulet
  4935 | D:7      | Identified the amulet of Roakaf {Gourm rC- rN++ Str+4} (You found it on level 7 of the Dungeon)
  4986 | D:7      | Reached skill level 5 in Evocations
  4991 | D:7      | Reached XP level 10. HP: 61/92 MP: 9/11
  4991 | D:7      | Reached ** piety under Makhleb
  5243 | D:8      | Noticed a two-headed ogre
  5252 | D:8      | Killed a two-headed ogre
  5252 | D:8      | Reached skill level 5 in Invocations
  5842 | D:8      | Found a white marble altar of Elyvilon.
  5851 | D:8      | Found a hide-covered altar of Uskayaw.
  6450 | D:9      | Noticed an obsidian statue
  6453 | D:9      | Reached skill level 10 in Axes
  6512 | D:9      | Reached *** piety under Makhleb
  6530 | D:10     | Entered Level 10 of the Dungeon
  6814 | D:10     | Reached XP level 11. HP: 100/100 MP: 12/12
  6952 | D:10     | Noticed a two-headed ogre
  6959 | D:10     | Killed a two-headed ogre
  6964 | D:10     | Found a staircase to the Lair.
  7173 | D:10     | Noticed Nergalle
  7200 | D:10     | Killed Nergalle
  7346 | D:10     | Noticed a two-headed ogre
  7351 | D:10     | Killed a two-headed ogre
  7611 | D:11     | Found a portal to a secret trove of treasure.
  7705 | D:11     | Reached **** piety under Makhleb
  8006 | D:11     | Reached skill level 10 in Invocations
  8262 | D:12     | Found a staircase to the Orcish Mines.
  8328 | D:12     | Found Kevia's Antique Armour Shop.
  8337 | D:12     | Bought a glowing ring mail for 231 gold pieces
  8660 | D:12     | Noticed bmj180's ghost (journeyman MiFi)
  8678 | D:12     | Killed bmj180's ghost
  8906 | Lair:1   | Entered Level 1 of the Lair of Beasts
  8911 | Lair:1   | Reached XP level 12. HP: 94/110 MP: 14/14
  9001 | Lair:1   | Noticed Gastronok
  9014 | Lair:1   | Killed Gastronok
  9035 | Lair:1   | Reached ***** piety under Makhleb
  9105 | Lair:1   | Noticed Harold
  9119 | Lair:1   | Killed Harold
  9647 | Lair:2   | Noticed an eight-headed hydra
  9667 | Lair:2   | Killed a nine-headed hydra
 10106 | Lair:2   | Noticed a four-headed hydra
 10125 | Lair:2   | Killed a five-headed hydra
 10125 | Lair:2   | Reached XP level 13. HP: 69/121 MP: 16/16
 11547 | Lair:4   | Found a staircase to the Swamp.
 11569 | Lair:4   | Reached skill level 10 in Armour
 11611 | Lair:4   | Found a hole to the Spider Nest.
 11675 | Lair:4   | Noticed an entropy weaver
 11678 | Lair:4   | Noticed an entropy weaver
 11707 | Lair:4   | Noticed a balrug
 11906 | Lair:4   | Killed an entropy weaver
 12239 | Lair:4   | Killed an entropy weaver
 12385 | Lair:5   | Noticed Josephine
 12396 | Lair:5   | Killed Josephine
 12739 | Lair:5   | Reached skill level 15 in Invocations
 13330 | Lair:6   | Entered Level 6 of the Lair of Beasts
 13344 | Lair:5   | Reached skill level 15 in Axes
 13344 | Lair:5   | Gained mutation: You resist negative energy. (rN+) [Deep Dwarf growth]
 13344 | Lair:5   | Reached XP level 14. HP: 82/130 MP: 15/15
 13468 | Lair:6   | Reached skill level 10 in Fighting
 13904 | Lair:6   | Found a staircase to the Slime Pits.
 14028 | Lair:6   | Got a brightly glowing long sword
 14029 | Lair:6   | Identified the +8 long sword of Xacequm {drain, Dex+3} (You found it on level 6 of the Lair of Beasts)
 14247 | Lair:6   | Learned a level 2 spell: Blink
 14578 | D:13     | Found a shimmering altar of Xom.
 15126 | D:13     | Found a gate to the Vaults.
 15393 | D:14     | Reached skill level 1 in Throwing
 15556 | D:14     | Found a white marble altar of Elyvilon.
 15915 | D:14     | Reached ****** piety under Makhleb
 15926 | D:14     | Reached XP level 15. HP: 138/140 MP: 17/17
 16164 | D:15     | Entered Level 15 of the Dungeon
 16288 | D:15     | Found a staircase to the Depths.
 16603 | D:15     | Found Funac's Weapon Boutique.
 16656 | D:15     | Found Tiekkust's Assorted Antiques.
 17150 | Orc:1    | Entered Level 1 of the Orcish Mines
 17150 | Orc:1    | Noticed an orc warlord
 17171 | Orc:1    | Killed an orc warlord
 17329 | Orc:1    | Found a roughly hewn altar of Beogh.
 17547 | Orc:1    | Noticed an orc warlord
 17637 | Orc:1    | Killed an orc warlord
 17637 | Orc:1    | Reached skill level 5 in Throwing
 17896 | Orc:2    | Entered Level 2 of the Orcish Mines
 17972 | Orc:2    | Noticed an orc warlord
 18004 | Orc:2    | Found a staircase to the Elven Halls.
 18046 | Orc:2    | Noticed Azrael
 18056 | Orc:2    | Killed Azrael
 18389 | Orc:2    | Killed an orc warlord
 18579 | Orc:2    | Found Racot's General Store.
 18580 | Orc:2    | Found Qealeose's Jewellery Boutique.
 18581 | Orc:2    | Found Gesk's Antique Armour Boutique.
 18581 | Orc:2    | Found Kegedux's Antique Weapon Shop.
 18586 | Orc:2    | Bought a glowing battleaxe for 209 gold pieces
 18598 | Orc:2    | Bought a scarf of spirit shield for 117 gold pieces
 19216 | Spider:1 | Entered Level 1 of the Spider Nest
 19619 | Spider:1 | Reached XP level 16. HP: 124/150 MP: 12/12
 19650 | Spider:1 | Noticed an Executioner
 20245 | Spider:2 | Noticed Louise
 20257 | Spider:2 | Killed Louise
 20546 | Spider:3 | Found a frozen archway.
 20590 | IceCv    | Entered an ice cave
 21124 | IceCv    | HP: 6/151 [ice devil (18)]
 21965 | IceCv    | Noticed tmwrnj's ghost (journeyman HOFi)
 22068 | IceCv    | Killed tmwrnj's ghost
 22228 | IceCv    | Noticed an Ice Fiend
 22270 | IceCv    | Killed an Ice Fiend
 22427 | IceCv    | Identified a +1 pair of boots of running (You found it in an ice cave)
 22906 | Spider:3 | Noticed Somber's ghost (adept DrBe)
 22939 | Spider:3 | Slain by Somber's ghost

Skill      XL: |  1  2  3  4  5  6  7  8  9 10 11 12 13 14 15 16 |
---------------+-------------------------------------------------+-----
Dodging        | 1 2 3 4 5 6 |  6.8
Fighting       | 3 4 5 6 7 8 9 10 11 | 11.7
Axes           | 3 4 5 7 8 10 12 13 15 16 17 | 17.9
Evocations     | 3 5 |  5.4
Shields        | 4 5 |  5.2
Armour         | 4 5 7 8 9 10 11 12 13 | 13.1
Invocations    | 1 4 8 10 13 15 16 17 | 17.9
Throwing       | 2 6 8 |  8.0

Action                   |  1- 3 |  4- 6 |  7- 9 | 10-12 | 13-15 | 16-18 || total
-------------------------+-------+-------+-------+-------+-------+-------++-------
Melee: War axe           |    96 |   175 |   310 |       |       |       ||   581
       Battleaxe         |       |       |    57 |   498 |  1181 |   340 ||  2076
       Peck              |       |       |    20 |   122 |   258 |    64 ||   464
Throw: Throwing net      |       |       |       |       |     2 |       ||     2
Invok: Minor Destruction |       |       |       |    13 |     8 |    32 ||    53
       Lesser Servant of |       |       |       |     7 |     6 |    23 ||    36
       Major Destruction |       |       |       |     7 |    14 |     2 ||    23
       Greater Servant o |       |       |       |       |    15 |     6 ||    21
 Abil: Heal Wounds       |       |     1 |     6 |     3 |    31 |    13 ||    54
Evoke: Wand              |       |       |       |     2 |     6 |     2 ||    10
       Lamp of fire      |       |       |       |       |     3 |     1 ||     4
  Use: Scroll            |     6 |     5 |     8 |     9 |    13 |     5 ||    46
       Potion            |     3 |     5 |     6 |     2 |     8 |     8 ||    32
 Stab: Paralysed         |       |       |       |     2 |       |       ||     2
       Distracted        |       |       |       |     1 |     8 |     7 ||    16
       Invisible         |       |       |       |       |       |     1 ||     1
  Eat: Chunk             |     1 |     3 |     9 |     8 |     5 |       ||    26
       Bread ration      |       |       |       |     2 |     8 |     2 ||    12
       Fruit             |       |       |       |       |     3 |       ||     3
Armor: Scale mail        |    56 |    86 |   163 |   130 |       |       ||   435
       Skin              |       |       |     8 |       |       |    37 ||    45
       Ring mail         |       |       |       |   127 |   561 |   283 ||   971
       Chain mail        |       |       |       |       |     2 |       ||     2
Dodge: Dodged            |    29 |    74 |   242 |   565 |  1077 |   449 ||  2436
Block: Shield            |    84 |   145 |   226 |       |       |       ||   455
